AoeStats
← hK | RanDoM

African Clearing

510632134Analyzed
4v4 RM · 1d ago on Oct 1, 2026· 27m 11s· 8 players
Game mode
Random Map
Map size
Large (8 player)
Population
200
Speed
Normal
Resources
Standard
Victory
Conquest
Starting age
Dark Age
Ending age
Imperial Age
RankedLock teamsTeams togetherTeam positionsShared explorationLock speedFull tech treeHidden civsTurbo modeCheats
Victory
Defeat
🇲🇽 Bohemians · Mexico
1807
+7
🇲🇽 Shu · Mexico
1708
+10
🇲🇽 Turks · Mexico
1417
+49
🇲🇽 Saracens · Mexico
1380
+49
🇧🇷 Teutons · Brazil
1659
-19
🇵🇹 Danes · Portugal
1540
-14
🇲🇽 Slavs · Mexico
1522
-14
🇪🇸 Berbers · Spain
1467
-11
Duaaa
8:41 Loom
11:22 Feudal Age
12:18 Double-Bit Axe
20:52 Wheelbarrow
20:31 Fletching
21:21 Padded Archer Armor
26:04 Castle Age
26:09 Elite Skirmisher
VaultBoy
10:49 Loom
13:25 Feudal Age
17:18 Castle Age
16:59 Double-Bit Axe
17:06 Fletching
21:10 Bodkin Arrow
26:23 Ballistics
Aleve.Aluve.Aloevera
3:16 Loom
12:36 Feudal Age
17:09 Castle Age
23:16 Horse Collar
23:34 Double-Bit Axe
26:03 Bow Saw
Santoryu
5:27 Loom
15:17 Feudal Age
20:05 Castle Age
hK | RanDoM
12:31 Feudal Age
16:29 Castle Age
15:10 Double-Bit Axe
16:24 Loom
18:21 Horse Collar
26:12 Heavy Plow
27:04 Wheelbarrow
MURCIELAGO
9:15 Loom
12:49 Feudal Age
13:21 Double-Bit Axe
13:38 Gold Mining
14:11 Town Watch
18:37 Fletching
23:29 Wheelbarrow
27:44 Castle Age
hK | Anubis
5:21 Loom
13:37 Feudal Age
13:44 Man-at-Arms
16:37 Arson
19:42 Scale Mail Armor
21:09 Forging
24:25 Castle Age
22:48 Double-Bit Axe
24:36 Long Swordsman
25:02 Gambesons
25:33 Chain Mail Armor
25:27 Squires
26:49 Bow Saw
FierroFlash
9:22 Loom
11:42 Feudal Age
12:29 Town Watch
13:41 Fletching
17:15 Wheelbarrow
23:52 Castle Age
22:10 Padded Archer Armor
22:36 Double-Bit Axe
22:33 Horse Collar
23:54 Crossbowman
25:21 Bodkin Arrow
Connection lost

Rejoining the realm…

Still unreachable

The connection could not be restored.

Session expired

The server has moved on; the page needs a fresh start.